 Dungeon Crawl Stone Soup version 0.19-a0-1886-gd64a0f0 (webtiles) character file.

118974 dvd the Brawler (level 16, -2/149 HPs)
             Began as a Troll Monk on Oct 16, 2016.
             Was a High Priest of Qazlal.
             Killed from afar by Aizul (33 damage)
             ... with a poison arrow
             ... on level 1 of the Shoals.
             The game lasted 01:45:01 (24052 turns).

dvd the Brawler (Troll Monk)                       Turns: 24052, Time: 01:45:02

Health: -2/149     AC: 12    Str: 25    XL:     16   Next: 26%
Magic:  11/21      EV: 13    Int:  6    God:    Qazlal [*****.]
Gold:   3133       SH: 19    Dex: 15    Spells: 2 memorised, 15 levels left

rFire  . . .     SeeInvis +       - Unarmed
rCold  . . .     Gourm    +     L - +1 troll leather armour
rNeg   . . .     Faith    .     n - +0 shield
rPois  .         Spirit   .     (helmet restricted)
rElec  .         Dismiss  .     (no cloak)
rCorr  .         Reflect  .     (gloves unavailable)
MR     ++...     Harm     .     (boots unavailable)
Stlth  +.........               (no amulet)
                                D - ring of see invisible
                                z - ring of protection from magic

@: lethally poisoned (-2 -> -6), protected from physical damage, repel missiles,
drained
A: unfitting armour, claws 3, large bone plates 1, fast metabolism 3, gourmand,
regeneration 1, shaggy fur 1, tough skin 2
a: Upheaval, Elemental Force, Disaster Area, Renounce Religion


You were on level 1 of the Shoals.
You worshipped Qazlal.
Qazlal was extremely pleased with you.
You were not hungry.

You visited 6 branches of the dungeon, and saw 26 of its levels.
You also visited: Ossuary and Volcano.

You collected 3133 gold pieces.

Inventory:

Hand Weapons
 b - the +5 hand axe of the First Seas {chop, MR+}
   (You found it on level 13 of the Dungeon)

   It inflicts extra damage upon your enemies.
   It affects your resistance to hostile enchantments.
 B - the +3 battleaxe of Untruth {chop, Str+3 Int+6}
   (You took it off an orc on level 12 of the Dungeon)

   It inflicts extra damage upon your enemies.
   It affects your strength (+3).
   It affects your intelligence (+6).
 O - the +6 flail of Fortitude {freeze, rPois rF+ Dex+2}
   (You found it on level 2 of the Lair of Beasts)

   It has been specially enchanted to freeze those struck by it, causing extra
   injury to most foes and up to half again as much damage against particularly
   susceptible opponents.
   It can also slow down cold-blooded creatures.
   It affects your dexterity (+2).
   It protects you from fire.
   It protects you from poison.
Missiles
 v - 47 tomahawks
 V - 4 silver javelins (quivered)
Armour
 n - a +0 shield (worn)
 y - a +2 robe of magic resistance
 L - a +1 troll leather armour (worn)
Jewellery
 d - an uncursed ring of protection from fire
 r - a +3 ring of dexterity
 z - a ring of protection from magic (left claw)
 C - an uncursed ring of protection from cold
 D - a ring of see invisible (right claw)
 Y - an uncursed ring of flight
Wands
 k - a wand of heal wounds (9/9)
 l - a wand of iceblast (7/15)
 o - a wand of lightning (6/15)
 t - a wand of iceblast (14/15)
 H - a wand of paralysis (10/24)
 I - a wand of flame (22/48)
 U - a wand of iceblast (13/15)
 Z - a wand of lightning (5/15)
Scrolls
 a - 3 scrolls of amnesia
 f - 12 scrolls of teleportation
 g - 19 scrolls of identify
 i - 6 scrolls of remove curse
 m - 2 scrolls of fear
 p - a scroll of enchant weapon
 N - a scroll of fog
 P - a scroll of magic mapping
 S - 2 scrolls of summoning
 X - a scroll of blinking
Potions
 e - 3 potions of heal wounds
 h - 2 potions of invisibility
 q - 4 potions of curing
 s - a potion of cure mutation
 u - 2 potions of resistance
 x - 2 potions of haste
 E - 5 potions of cancellation
 F - a potion of agility
 G - a potion of flight
 J - 2 potions of magic
 K - a potion of might
 Q - 2 potions of ambrosia
Books
 j - a book of Changes

   Spells                             Type                      Level
   a - Beastly Appendage              Transmutation                1
   b - Sticks to Snakes               Transmutation                2
   c - Spider Form                    Transmutation/Poison         3
   d - Ice Form                       Ice/Transmutation            4
   e - Blade Hands                    Transmutation                5
Comestibles
 c - 17 fruits
 w - 8 meat rations
 A - 6 beef jerkies
 M - 7 slices of pizza
 T - 14 bread rations


   Skills:
 + Level 7.3(7.1) Fighting
 + Level 6.3(6.2) Throwing
 + Level 6.3(6.2) Armour
 + Level 9.4(9.3) Dodging
 + Level 3.7(3.6) Stealth
 + Level 1.0(0.8) Shields
 + Level 19.9(19.7) Unarmed Combat
 + Level 1.9(1.8) Spellcasting
 + Level 1.8(1.7) Charms
 + Level 9.2(9.0) Invocations
 + Level 1.4(1.3) Evocations


You had 15 spell levels left.
You knew the following spells:

 Your Spells              Type           Power        Failure   Level  Hunger
a - Song of Slaying       Chrm           #.......     99%         2    ###....
b - Infusion              Chrm           #...         97%         1    ##.....


Dungeon Overview and Level Annotations

Branches:
Dungeon (15/15)            Temple (1/1) D:7            Lair (6/6) D:9
 Shoals (1/4) Lair:4       Spider (1/4) Lair:2        Slime (0/5) Lair:6
    Orc (2/2) D:12            Elf (0/3) Orc:2        Vaults (0/5) D:14
 Depths (0/5) D:15

Altars:
Ashenzari
Cheibriados
Dithmenos
Elyvilon
Fedhas
Gozag
Hepliaklqana
Kikubaaqudgha
Makhleb
Nemelex Xobeh
Okawaru
Qazlal
Ru
Sif Muna
Trog
Uskayaw
Vehumet
Xom
Yredelemnul
Zin
The Shining One

Shops:
Orc:2 !(}}

Annotations:
Shoals:1 Aizul
Spider:1 Frances


Innate Abilities, Weirdness & Mutations

You are too large for most types of armour.
You have claws for hands.
Your metabolism is lightning-fast.
You like to eat raw meat.
Your natural rate of healing is unusually fast.
You are covered in fur. (AC +1)
You have very tough skin. (AC +2)
You are partially covered in large bone plates. (SH +4)


Message History

The air twists around and strikes you!
You mangle the merfolk!!
The merfolk is almost dead.
You feel sick. Aizul hits you!!
The merfolk is engulfed in freezing vapours.
You block the merfolk's attack.
The merfolk impaler hits you from afar with a trident of venom.
* * * LOW HITPOINT WARNING * * *
You are more poisoned.
You feel better. Aizul hits you!
* * * LOW HITPOINT WARNING * * *
You feel more protected from physical attacks.
The merfolk hits you with a glaive!
* * * LOW HITPOINT WARNING * * *
You feel more protected from physical attacks.
You block the merfolk impaler's attack. Aizul casts a spell at you.
The poison arrow hits you!
You are poisoned.
You die...

...≈.....#.......
.≈≈≈≈≈≈.##.....)
.≈≈.≈≈≈..#.≈≈≈...
.≈≈≈≈≈≈..(.≈≈≈≈..#.≈.
.≈≈≈≈≈≈≈....≈≈.. ..≈.
.≈≈≈≈≈≈≈≈≈.§)m# .(≈≈≈
#.≈≈≈≈≈≈≈≈≈≈≈§##.≈≈≈.
#.≈≈≈≈≈<≈≈≈.§@.m≈≈≈≈.
.≈≈≈≈≈≈≈≈..#mS§≈≈....
≈≈≈≈≈≈≈≈.≈###k≈§≈.##.
≈≈≈≈≈≈≈≈≈≈.##.≈≈≈≈##
≈≈≈≈..≈≈≈≈≈†.≈≈≈≈≈≈≈≈
≈≈≈....≈≈≈≈≈†.≈≈H≈≈≈≈
≈≈≈..#.>≈≈≈≈≈≈≈≈≈≈≈≈≈
≈≈..#..≈≈≈≈≈≈≈≈≈≈≈≈≈≈
≈≈≈..≈≈≈≈≈≈≈≈≈§§§≈≈≈


You could see Aizul, a merfolk impaler, a wind drake, 2 merfolk and a manticore.

Vanquished Creatures
  Rupert (D:14)
  Kirke (D:15)
  A fire giant (D:15)
  2 orc warlords
  A stone giant (Orc:1)
  2 entropy weavers (Lair:6)
  Azrael (D:15)
  Nessos (Lair:4)
  Snorg (Lair:5)
  The ghost of Enish the Spry, a journeyman TeAK of Lugonu (Volcano)
  10 hydras
  The ghost of p0werm0de the Fighter, a journeyman DsCK of Xom (Lair:3)
  A catoblepas (D:13)
  An ice dragon (Lair:6)
  2 centaur warriors (Orc:2)
  The ghost of dvd the Grappler, a novice TrMo (D:9)
  Erica (D:8)
  An ogre mage (D:15)
  3 death yaks (Lair:6)
  2 tengu warriors (D:15)
  A queen ant (Lair:6)
  An orc high priest (Orc:1)
  A hell hog (Volcano)
  Sonja (Lair:3)
  A deep elf knight (D:14)
  Nergalle (Lair:4)
  14 skeletal warriors
  2 unseen horrors (D:14)
  A fire crab (Volcano)
  Pikel (D:9)
  A lindwurm (Lair:6)
  9 hill giants
  A harpy (Shoals:1)
  5 orc knights
  A manticore (Shoals:1)
  3 orc sorcerers
  7 ugly things
  A wolf spider (Lair:2)
  4 deep elf magi
  An oklob plant (Lair:6)
  7 elephants (Lair:6)
  A cyclops (D:11)
  Psyche (D:8)
  A molten gargoyle (Volcano)
  10 torpor snails
  6 black mambas
  5 spiny frogs
  4 centaur skeletons
  2 kobold demonologists
  9 komodo dragons
  4 yaktaurs (D:14)
  2 efreet
  2 gargoyles
  A rime drake (Lair:6)
  A tengu conjurer (D:15)
  3 meliai (D:15)
  A polar bear (Lair:6)
  A merfolk (Shoals:1)
  14 trolls
  4 tyrant leeches (Lair:6)
  2 two-headed ogres (D:15)
  The ghost of Amnesiac the Insei, an amateur DsMo of Dithmenos (D:4)
  A jumping spider (Lair:2)
  Grinder (D:6)
  7 hornets
  2 dream sheep (Lair:6)
  7 hippogriffs
  A snapping turtle (Shoals:1)
  24 blink frogs
  The ghost of Philosophy the Covert, an amateur OpAs of Okawaru (D:5)
  3 redbacks
  A shadow (D:15)
  51 yaks
  A spriggan (D:9)
  3 wyverns
  2 fire bats (Volcano)
  A hog (D:15)
  A water elemental (Shoals:1)
  A steam dragon (Volcano)
  4 fire elementals (D:15)
  6 basilisks
  2 hungry ghosts
  Menkaure (D:4)
  4 mottled dragons
  6 vampire mosquitoes
  4 wargs
  18 soldier ants
  17 water moccasins
  6 hell hounds
  11 porcupines
  2 slaves (D:9)
  30 orc warriors
  4 sky beasts
  2 black bears
  An eye of draining (shapeshifter) (D:15)
  18 ogres
  7 ice beasts
  5 phantoms
  4 boggarts (D:14)
  11 wolves
  25 centaurs
  11 crocodiles
  A big kobold (D:13)
  Blork the orc (D:5)
  14 bullfrogs
  2 wyvern skeletons (D:14)
  A water moccasin skeleton (D:6)
  5 scorpions
  5 killer bees
  A vampire bat (D:5)
  19 wights
  2 howler monkeys (D:9)
  7 crimson imps
  7 lava snakes (Volcano)
  A quasit (D:9)
  5 centaur zombies
  9 jellies
  10 orc priests
  11 hounds
  2 bullfrog skeletons
  6 iguanas
  22 orc wizards
  Natasha (thrice) (D:4)
  28 worker ants
  12 mummies (Ossuary)
  A hound skeleton (D:11)
  A howler monkey zombie (D:6)
  A gnoll (D:3)
  9 adders
  3 river rats (D:9)
  2 shadow imps
  2 oozes (Lair:6)
  An adder skeleton (D:5)
  2 adder zombies
  8 worms
  4 dart slugs
  5 leopard geckos
  93 orcs
  2 ball pythons
  2 bat skeletons (D:5)
  4 bat zombies (D:5)
  4 giant cockroaches
  7 goblins
  13 hobgoblins
  14 jackals
  10 kobolds
  5 quokkas
  13 bats
  4 frilled lizards
  2 gnoll skeletons (Ossuary)
  2 goblin skeletons (Ossuary)
  A kobold skeleton (Ossuary)
  A leopard gecko skeleton (D:4)
  3 orc skeletons (Ossuary)
  A quokka skeleton (D:6)
  A quokka zombie (D:5)
  20 rats
  11 rat skeletons (Ossuary)
  A bush (Lair:6)
  25 fungi
  22 plants
955 creatures vanquished.

Vanquished Creatures (others)
  A human (D:15)
  2 hogs (D:15)
  2 slaves (D:9)
  An orc wizard (Orc:2)
  2 bushes (Lair:6)
  19 fungi
  22 plants
49 creatures vanquished.

Grand Total: 1004 creatures vanquished

Notes
Turn   | Place    | Note
-------+----------+-------------------------------------------
     0 | D:1      | dvd the Troll Monk began the quest for the Orb.
     0 | D:1      | Reached XP level 1. HP: 22/22 MP: 0/0
   172 | D:1      | Reached XP level 2. HP: 29/29 MP: 1/1
   622 | D:1      | Reached XP level 3. HP: 29/36 MP: 2/2
   947 | D:2      | Found a sacrificial altar of Ru.
  1172 | D:2      | Reached XP level 4. HP: 44/44 MP: 3/3
  1209 | D:3      | Reached skill level 4 in Unarmed Combat
  1825 | D:3      | Found a shimmering altar of Xom.
  1844 | D:3      | Found a sparkling altar of Nemelex Xobeh.
  1854 | D:3      | Reached XP level 5. HP: 52/52 MP: 4/4
  2054 | D:4      | Noticed Menkaure
  2060 | D:3      | Reached skill level 5 in Unarmed Combat
  2131 | D:4      | Killed Menkaure
  2131 | D:4      | Reached XP level 6. HP: 26/61 MP: 5/5
  2134 | D:4      | Noticed Amnesiac's ghost (amateur DsMo)
  2285 | D:4      | Noticed Natasha
  2286 | D:4      | Found a shimmering altar of Xom.
  2292 | D:4      | Killed Natasha
  2332 | D:4      | Reached skill level 6 in Unarmed Combat
  2649 | D:4      | Killed Amnesiac's ghost
  2649 | D:4      | Reached skill level 1 in Throwing
  2649 | D:4      | Reached XP level 7. HP: 56/67 MP: 6/6
  2661 | D:4      | Noticed Natasha
  2669 | D:4      | Killed Natasha
  2677 | D:4      | Noticed Natasha
  2681 | D:4      | Killed Natasha
  2823 | D:5      | Entered Level 5 of the Dungeon
  2925 | D:5      | Noticed Philosophy's ghost (amateur OpAs)
  2932 | D:5      | Reached skill level 7 in Unarmed Combat
  2938 | D:5      | Killed Philosophy's ghost
  2938 | D:5      | Reached XP level 8. HP: 67/75 MP: 7/7
  3018 | D:5      | Noticed Blork the orc
  3027 | D:5      | Killed Blork the orc
  3247 | D:5      | Reached skill level 8 in Unarmed Combat
  3573 | D:5      | Noticed a troll
  3574 | D:5      | Reached skill level 9 in Unarmed Combat
  3578 | D:5      | Killed a troll
  3578 | D:5      | Reached XP level 9. HP: 63/84 MP: 8/8
  3734 | D:5      | Found an ancient bone altar of Kikubaaqudgha.
  3770 | D:6      | Noticed Grinder
  3779 | D:6      | Killed Grinder
  4230 | D:6      | Reached skill level 1 in Armour
  4230 | D:6      | Reached skill level 10 in Unarmed Combat
  4336 | D:6      | Found a glowing silver altar of Zin.
  4394 | D:6      | Found a sand-covered staircase.
  4399 | Ossuary  | Entered an ossuary
  5011 | D:7      | Found an opulent altar of Gozag.
  5020 | D:7      | Found a radiant altar of Vehumet.
  5266 | D:7      | Found a stormy altar of Qazlal.
  5274 | D:7      | Became a worshipper of Qazlal Stormbringer
  5274 | D:7      | Reached * piety under Qazlal
  5274 | D:7      | Reached ** piety under Qazlal
  5326 | D:7      | Reached skill level 5 in Dodging
  5507 | D:7      | Found a staircase to the Ecumenical Temple.
  5516 | Temple   | Entered the Ecumenical Temple
  6034 | D:7      | Found a white marble altar of Elyvilon.
  6065 | D:8      | Reached skill level 11 in Unarmed Combat
  6229 | D:8      | Noticed Psyche
  6245 | D:8      | Reached XP level 10. HP: 74/92 MP: 9/9
  6251 | D:8      | Killed Psyche
  6460 | D:8      | Noticed Erica
  6475 | D:8      | Killed Erica
  6869 | D:9      | Found a blossoming altar of Fedhas.
  7002 | D:9      | Reached *** piety under Qazlal
  7082 | D:9      | Noticed Pikel
  7096 | D:9      | Killed Pikel
  7096 | D:9      | Reached skill level 12 in Unarmed Combat
  7326 | D:9      | Noticed dvd's ghost (novice TrMo)
  7339 | D:9      | Killed dvd's ghost
  7417 | D:9      | Found a staircase to the Lair.
  7471 | D:9      | Found a deep blue altar of Sif Muna.
  7719 | D:10     | Entered Level 10 of the Dungeon
  7721 | D:10     | Noticed a deep elf mage
  7730 | D:10     | Killed a deep elf mage
  7730 | D:10     | Reached XP level 11. HP: 92/101 MP: 10/10
  7924 | D:10     | Noticed a hill giant
  7928 | D:10     | Killed a hill giant
  8003 | D:10     | Noticed a hill giant
  8013 | D:10     | Killed a hill giant
  8013 | D:10     | Reached skill level 13 in Unarmed Combat
  8018 | D:10     | Learned a level 2 spell: Song of Slaying
  8203 | D:10     | Noticed a hill giant
  8207 | D:10     | Killed a hill giant
  8300 | D:11     | Reached **** piety under Qazlal
  8435 | D:11     | Noticed a hill giant
  8439 | D:11     | Killed a hill giant
  8486 | D:11     | Noticed a hill giant
  8497 | D:11     | Killed a hill giant
  8543 | D:11     | Noticed a red ugly thing
  8551 | D:11     | Killed a red ugly thing
  8683 | D:11     | Noticed a skeletal warrior
  8685 | D:11     | Noticed a skeletal warrior
  8686 | D:11     | Noticed a skeletal warrior
  8689 | D:11     | Noticed a skeletal warrior
  8690 | D:11     | Noticed a skeletal warrior
  8815 | Lair:1   | Entered Level 1 of the Lair of Beasts
  8891 | Lair:1   | Reached skill level 14 in Unarmed Combat
  8997 | Lair:1   | Reached skill level 5 in Fighting
  9067 | Lair:1   | Reached skill level 1 in Spellcasting
  9078 | Lair:1   | Reached skill level 1 in Charms
  9081 | Lair:1   | Noticed a five-headed hydra
  9088 | Lair:1   | Noticed a seven-headed hydra
  9113 | Lair:1   | Killed an eight-headed hydra
  9292 | D:9      | Reached skill level 1 in Invocations
  9299 | D:9      | Reached XP level 12. HP: 90/111 MP: 12/12
  9342 | D:9      | Gained mutation: You possess an exceptional clarity of mind. [potion of mutation]
  9342 | D:9      | Gained mutation: You are clumsy. (Dex -2) [potion of mutation]
  9352 | D:9      | Lost mutation: You possess an exceptional clarity of mind. [potion of cure mutation]
  9352 | D:9      | Lost mutation: You are clumsy. (Dex -2) [potion of cure mutation]
  9359 | D:9      | Gained mutation: You are partially covered in large bone plates. (SH +4) [potion of beneficial mutation]
  9422 | Lair:1   | Killed a seven-headed hydra
 10191 | Lair:2   | Got a slimy flail
 10222 | Lair:2   | Found a snail-covered altar of Cheibriados.
 10284 | Lair:2   | Identified the +6 flail of Fortitude {freeze, rPois rF+ Dex+2} (You found it on level 2 of the Lair of Beasts)
 10424 | Lair:2   | Found a hole to the Spider Nest.
 11148 | Lair:3   | Noticed Sonja
 11214 | Lair:3   | Killed Sonja
 11214 | Lair:3   | Reached skill level 15 in Unarmed Combat
 11401 | Lair:3   | Noticed p0werm0de's ghost (journeyman DsCK)
 11410 | Lair:3   | Killed p0werm0de's ghost
 12292 | Lair:4   | Reached XP level 13. HP: 95/120 MP: 13/15
 12295 | Lair:4   | Found a staircase to the Shoals.
 12356 | Lair:4   | Noticed Nergalle
 12368 | Lair:4   | Killed Nergalle
 12368 | Lair:4   | Reached skill level 5 in Throwing
 12371 | Lair:4   | Reached ***** piety under Qazlal
 12662 | Lair:4   | Noticed Nessos
 12675 | Lair:4   | Killed Nessos
 12675 | Lair:4   | Reached skill level 5 in Armour
 13620 | Lair:5   | Reached skill level 5 in Invocations
 13648 | Lair:5   | Noticed Snorg
 13659 | Lair:5   | Killed Snorg
 13750 | Lair:5   | Found a dark tunnel.
 13760 | Volcano  | Entered a volcano
 13767 | Volcano  | Noticed Enish's ghost (journeyman TeAK)
 13801 | Volcano  | Killed Enish's ghost
 14052 | Volcano  | Reached skill level 16 in Unarmed Combat
 14064 | Volcano  | Found a burning altar of Makhleb.
 14819 | Lair:5   | Learned a level 1 spell: Infusion
 15014 | Lair:6   | Entered Level 6 of the Lair of Beasts
 15056 | Lair:6   | Found a staircase to the Slime Pits.
 15107 | Lair:6   | Noticed an entropy weaver
 15453 | Lair:6   | Reached XP level 14. HP: 115/131 MP: 10/17
 15500 | Lair:6   | Reached skill level 17 in Unarmed Combat
 15568 | Lair:6   | Reached skill level 1 in Evocations
 15654 | Lair:6   | Noticed an entropy weaver
 15661 | Lair:6   | Killed an entropy weaver
 15786 | Lair:6   | Killed an entropy weaver
 16442 | Lair:6   | Found a runed door.
 16478 | Lair:6   | Paralysed by a hornet for 1 turns
 18000 | D:12     | Reached skill level 18 in Unarmed Combat
 18134 | D:12     | Found a staircase to the Orcish Mines.
 18137 | D:12     | Got a brightly glowing battleaxe {chop}
 18232 | D:11     | Reached XP level 15. HP: 26/139 MP: 19/19
 18426 | Orc:1    | Entered Level 1 of the Orcish Mines
 18476 | Orc:1    | Noticed an orc warlord
 18493 | Orc:1    | Killed an orc warlord
 18812 | Orc:1    | Found a bloodstained altar of Trog.
 18936 | Orc:2    | Entered Level 2 of the Orcish Mines
 19392 | Orc:2    | Noticed an orc warlord
 19622 | Orc:2    | Killed an orc warlord
 20008 | Orc:2    | Found a staircase to the Elven Halls.
 20201 | Orc:2    | Found Nelynk's Gadget Shoppe.
 20201 | Orc:2    | Found Follibb's Antique Weapon Shop.
 20203 | Orc:2    | Found Osmenar's Distillery.
 20205 | Orc:2    | Found Okogoett's Gadget Emporium.
 20714 | D:13     | Reached ****** piety under Qazlal
 20948 | D:13     | Reached skill level 19 in Unarmed Combat
 21078 | D:13     | Identified the cursed +3 battleaxe of Untruth {chop, Str+3 Int+6} (You took it off an orc on level 12 of the Dungeon)
 21322 | D:13     | Got a smoking hand axe
 21323 | D:13     | Identified the +5 hand axe of the First Seas {chop, MR+} (You found it on level 13 of the Dungeon)
 21542 | D:14     | Noticed Rupert
 21543 | D:14     | Paralysed by Rupert for 7 turns
 21555 | D:14     | Killed Rupert
 22029 | D:14     | Found a sparkling altar of Nemelex Xobeh.
 22257 | D:14     | Found a shattered altar of Ashenzari.
 22466 | D:14     | Found a gate to the Vaults.
 22670 | D:15     | Entered Level 15 of the Dungeon
 22672 | D:15     | Noticed a fire giant
 22700 | D:15     | Noticed Azrael
 22701 | D:15     | Noticed Kirke
 22702 | D:15     | Killed Kirke
 22709 | D:15     | Killed Azrael
 22709 | D:15     | Reached XP level 16. HP: 98/149 MP: 13/21
 22931 | D:15     | Found a staircase to the Depths.
 23828 | Spider:1 | Entered Level 1 of the Spider Nest
 23828 | Spider:1 | Noticed Frances
 24023 | Shoals:1 | Entered Level 1 of the Shoals
 24042 | Shoals:1 | Noticed Aizul
 24047 | Shoals:1 | Reached skill level 1 in Shields
 24052 | Shoals:1 | Killed from afar by Aizul

Vault maps used:
D:1:      dpeg_arrival_fog
D:2:      lemuel_coloured_pillars_altar, minmay_item_behind_shaft
D:3:      minmay_wonky_spiral, overflow_temple_1_default,
          nemelex_xobeh_ov_fountains_minmay
D:4:      brannock_xom_greatest_gift, uniq_menkaure, uniq_natasha
D:5:      kennysheep_windowed_halls, kennysheep_vampire_church, first_bread,
          uniq_blork_the_orc
D:6:      zin_academy, enter_ossuary_5, kennysheep_dice, uniq_grinder
D:7:      nicolae_overflow_quartered_altars
D:8:      uniq_erica, uniq_psyche
D:9:      nicolae_overflow_crystal_walls, lemuel_crystal_altar,
          grunt_lair_entry_orc_guard_hut, hangedman_abyss_or_decor_lesser_grid,
          grunt_pizzeria, uniq_pikel
D:11:     kennysheep_generic_room_15
D:12:     david_orc_2
D:13:     serial_glass, glass_columns_a, glass_columns_b, glass_columns_a,
          glass_columns_a, glass_columns_a
D:14:     hangedman_vaults_entry_quadrant_bands, lemuel_round_altar,
          nemelex_diamond_rough_becter, uniq_rupert
D:15:     grunt_enter_depths_giant_problem, nicolae_wwwww, nrook_uturn,
          uniq_kirke, uniq_azrael
Temple:   minmay_temple_curvy_loop
Lair:1:   grunt_megastairs_5
Lair:2:   nicolae_spider_entry_non_spiders, kennysheep_snail_temple
Lair:3:   grunt_megastairs_2, uniq_sonja
Lair:4:   minmay_shoals_entry_centaurs, hibernation_bobbens,
          serial_bayou_shore_b, uniq_nergalle, uniq_nessos
Lair:5:   enter_volcano_1, uniq_snorg
Lair:6:   hangedman_lair_in_review, wormcave, nicolae_slime_entry_slimehenge,
          zaba_antful_of_joy
Shoals:1: uniq_aizul
Spider:1: uniq_roxanne, uniq_donald, uniq_frances
Orc:1:    serial_shops, trog_book
Orc:2:    st_orc_rangers
Ossuary:  ossuary_due_small_catacomb
Volcano:  volcano_lake

Skill      XL: |  1  2  3  4  5  6  7  8  9 10 11 12 13 14 15 16 |
---------------+-------------------------------------------------+-----
Unarmed Combat | 4 5 6 7 9 11 12 14 15 16 18 19 | 19.9
Dodging        | 3 4 5 6 7 8 9 |  9.4
Fighting       | 3 4 5 6 7 |  7.3
Throwing       | 1 3 4 5 6 |  6.3
Stealth        | 2 3 |  3.7
Armour         | 1 3 4 5 6 |  6.3
Spellcasting   | 1 |  1.9
Charms         | 1 |  1.8
Invocations    | 1 4 6 7 9 |  9.2
Evocations     | 1 |  1.4
Shields        | 1 |  1.0

Action                   |  1- 3 |  4- 6 |  7- 9 | 10-12 | 13-15 | 16-18 || total
-------------------------+-------+-------+-------+-------+-------+-------++-------
Melee: Unarmed           |   104 |   150 |   281 |   534 |  1285 |   129 ||  2483
       Punch             |     1 |     6 |     7 |    47 |   133 |     8 ||   202
Throw: Tomahawk          |       |    16 |    18 |    47 |    21 |       ||   102
       Javelin           |       |       |       |       |    50 |     5 ||    55
 Cast: Song of Slaying   |       |       |       |     3 |    12 |       ||    15
       Infusion          |       |       |       |       |     4 |       ||     4
Invok: Upheaval          |       |       |       |     6 |    24 |     3 ||    33
       Elemental Force   |       |       |       |       |     1 |       ||     1
       Disaster Area     |       |       |       |       |     2 |     1 ||     3
Evoke: Wand              |       |       |       |     5 |    11 |     3 ||    19
  Use: Scroll            |       |     1 |     4 |    23 |     9 |       ||    37
       Potion            |       |       |       |    17 |    10 |     4 ||    31
 Stab: Sleeping          |       |     3 |    11 |       |       |       ||    14
  Eat: Chunk             |    16 |    14 |    32 |    57 |    91 |    14 ||   224
       Pizza             |       |       |       |       |     2 |       ||     2
       Royal jelly       |       |       |       |       |       |     2 ||     2
Armor: Robe              |    45 |    48 |    11 |       |       |       ||   104
       Troll leather arm |       |       |    56 |    94 |   186 |    52 ||   388
Dodge: Dodged            |    54 |    98 |   153 |   253 |   524 |   100 ||  1182
       Deflected         |       |       |       |     5 |    35 |     3 ||    43
Block: Other             |       |       |     6 |   125 |   563 |    51 ||   745
       Shield            |       |       |       |       |       |    69 ||    69
